Map: 트라이튼 - 래더

Players

llllllllllll (Trap)

  • Race: Protoss Protoss
  • League: Master
  • Spawn Location: 11:00

Stats - Winner!

  • Race: Protoss Protoss
  • League: Grandmaster
  • Spawn Location: 5:00

VOD

Have the link to the VOD?

Description

Time

  • Played on: Jan. 9, 2020, 6:51 a.m.
  • Length: 8:30
Show
View Real Time Build Order
Export as new Build Order

llllllllllll Protoss 

Build Orders: Zealot Archon 

Get SALT Encoding   

  12  0:00  Probe  
  13  0:12  Probe  
  14  0:18  Pylon  
  14  0:24  Probe (Chrono Boost)  
  15  0:37  Probe (Chrono Boost)  
  15  0:38  Gateway  
  16  0:45  Probe (Chrono Boost)  
  16  0:47  Assimilator  
  17  0:51  Probe  
  17  0:54  Assimilator  
  18  1:03  Probe (Chrono Boost)  
  19  1:08  Gateway  
  19  1:14  Probe (Chrono Boost)  
  20  1:19  Probe (Chrono Boost)  
  20  1:25  Cybernetics Core  
  21  1:29  Probe  
  22  1:36  Pylon  
  22  1:41  Probe  
  23  1:54  Probe  
  24  2:01  Stalker x2  
  24  2:02  Warp Gate  
  24  2:08  Pylon  
  28  2:34  Stalker x2  
  31  2:52  Nexus  
  31  2:55  Shield Battery  
  31  3:04  Sentry x2  
  35  3:08  Probe  
  35  3:09  Pylon  
  36  3:18  Robotics Facility  
  36  3:20  Probe  
  37  3:32  Probe (Chrono Boost)  
  36  3:44  Forge  
  36  3:45  Probe (Chrono Boost)  
  37  3:51  Probe (Chrono Boost)  
  37  3:53  Adept  
  37  3:54  Adept  
  42  4:02  Probe (Chrono Boost)  
  43  4:04  Probe (Chrono Boost)  
  44  4:14  Probe x2 (Chrono Boost)  
  44  4:16  Protoss Ground Weapons Level 1  
  47  4:17  Observer  
  47  4:21  Sentry  
  47  4:22  Probe (Chrono Boost)  
  47  4:24  Probe (Chrono Boost)  
  51  4:27  Probe (Chrono Boost)  
  51  4:30  Probe (Chrono Boost)  
  55  4:39  Immortal  
  55  4:42  Probe (Chrono Boost)  
  59  4:46  Probe (Chrono Boost)  
  59  4:48  Assimilator  
  59  4:49  Pylon  
  59  4:50  Probe (Chrono Boost)  
  59  4:51  Assimilator  
  60  4:54  Probe (Chrono Boost)  
  60  4:57  Probe  
  60  4:58  Pylon  
  62  5:04  Twilight Council  
  62  5:08  Pylon  
  62  5:13  Adept x2  
  66  5:17  Probe x2  
  68  5:27  Immortal  
  72  5:31  Probe x2  
  70  5:43  Probe  
  70  5:44  Charge  
  70  5:45  Templar Archives  
  72  5:53  Pylon  
  71  5:59  Gateway  
  71  6:01  Gateway  
  71  6:06  Gateway  
  69  6:14  Adept  
  69  6:15  Adept  
  70  6:20  Probe x2  
  70  6:23  Gateway  
  68  6:26  Warp Prism (Chrono Boost)  
  68  6:35  Gateway  
  66  6:41  Probe x2  
  66  6:49  High Templar x2  
  66  6:51  Pylon  
  66  6:53  Archon  
  70  6:55  Probe x2  
  70  6:56  High Templar  
  70  6:57  High Templar  
  70  7:00  Archon  
  76  7:08  Probe x2  
  76  7:13  Zealot  
  80  7:16  Zealot  
  80  7:20  Pylon  
  82  7:25  High Templar x2  
  82  7:29  Archon, Zealot x2  
  90  7:30  Zealot  
  90  7:35  Zealot x2  
  96  7:38  Pylon  
  96  7:54  High Templar x2, Zealot  
  96  7:55  Zealot x3  
  96  7:58  Archon  
  108  8:00  Zealot  
  80  8:24  Zealot x5  
Show
View Real Time Build Order
Export as new Build Order

Stats Protoss - Winner!

Build Orders: Phoenix Opening, Blink Stalkers, Zealot Archon 

Get SALT Encoding   

  12  0:00  Probe  
  13  0:13  Probe  
  14  0:17  Pylon  
  14  0:25  Probe (Chrono Boost)  
  15  0:36  Gateway  
  15  0:37  Probe (Chrono Boost)  
  16  0:44  Probe (Chrono Boost)  
  16  0:46  Assimilator  
  17  0:51  Probe  
  17  0:54  Assimilator  
  18  1:03  Probe (Chrono Boost)  
  19  1:07  Gateway  
  19  1:14  Probe (Chrono Boost)  
  20  1:19  Probe (Chrono Boost)  
  20  1:24  Cybernetics Core  
  21  1:29  Probe  
  22  1:39  Pylon  
  22  1:41  Probe  
  23  1:57  Probe  
  23  2:00  Warp Gate (Chrono Boost), Adept x2  
  28  2:04  Pylon  
  28  2:30  Stalker x2  
  32  2:45  Nexus  
  32  3:00  Probe  
  32  3:02  Sentry x2  
  36  3:07  Pylon  
  36  3:12  Probe  
  37  3:24  Probe  
  37  3:25  Shield Battery  
  38  3:28  Twilight Council  
  38  3:36  Phoenix, Probe  
  39  3:44  Stalker  
  39  3:45  Stalker  
  44  3:49  Probe (Chrono Boost)  
  44  3:57  Probe (Chrono Boost)  
  44  3:59  Blink (Chrono Boost)  
  44  4:02  Probe (Chrono Boost)  
  46  4:07  Probe (Chrono Boost)  
  46  4:09  Probe (Chrono Boost)  
  48  4:13  Probe (Chrono Boost), Stalker  
  48  4:14  Sentry  
  48  4:16  Probe  
  53  4:22  Pylon  
  53  4:24  Probe  
  55  4:32  Probe  
  55  4:36  Probe  
  57  4:38  Phoenix  
  57  4:44  Probe  
  58  4:48  Probe  
  58  4:49  Stalker x2  
  63  4:55  Forge  
  63  4:58  Pylon  
  63  5:07  Nexus  
  63  5:09  Probe x2  
  63  5:12  Assimilator  
  63  5:14  Assimilator  
  65  5:24  Protoss Ground Weapons Level 1 (Chrono Boost)  
  67  5:31  Gateway x2  
  67  5:32  Adept x2  
  68  5:40  Probe x2  
  67  5:46  Charge  
  67  5:52  Probe (Chrono Boost)  
  67  5:56  Templar Archives  
  69  5:57  Probe (Chrono Boost)  
  69  5:58  Gateway  
  69  6:00  Gateway  
  69  6:03  Probe (Chrono Boost)  
  70  6:06  Probe (Chrono Boost)  
  70  6:09  Probe  
  72  6:16  Probe  
  67  6:29  Probe  
  67  6:30  Probe x2  
  67  6:32  Phoenix  
  68  6:35  Zealot  
  68  6:36  Zealot  
  68  6:37  Gateway  
  68  6:39  Gateway  
  72  6:49  Probe x3  
  72  6:50  Pylon  
  72  6:51  High Templar x2  
  79  6:56  Shield Battery  
  79  6:57  Archon, Shield Battery  
  79  7:00  High Templar x2, Zealot x2  
  87  7:03  Robotics Facility  
  87  7:04  Archon  
  87  7:10  Pylon  
  87  7:12  Probe x3, Gateway  
  90  7:23  Shield Battery  
  90  7:26  High Templar, Zealot x3  
  98  7:31  High Templar  
  98  7:32  Zealot x2  
  98  7:35  Shield Battery  
  104  7:37  Archon, Pylon  
  104  7:44  Zealot  
  106  7:52  Zealot  
  106  7:56  High Templar x2  
  106  7:57  Zealot x2  
  116  8:00  Pylon  
  116  8:01  Archon, Pylon  
  116  8:03  Pylon  
  106  8:13  Zealot x5  
  100  8:21  Zealot x2  
Tags
 
Add a new tag
Caveats
  • Supply blocks, unpowered buildings, or Contaminate may cause inaccurate times.
  • Supply counts are checked every 10 seconds.